 Dungeon Crawl Stone Soup version 0.20-a0-446-g9649680 (webtiles) character file.

16 Nvm9 the Skirmisher (level 2, -2/25 HPs)
             Began as a Formicid Abyssal Knight on Jan 7, 2017.
             Was a Follower of Lugonu.
             Slain by a gnoll
             ... wielding a +0 flail
              (5 damage)
             ... on level 2 of the Dungeon.
             The game lasted 00:01:12 (472 turns).

Nvm9 the Skirmisher (Formicid Abyssal Knight)        Turns: 472, Time: 00:01:13

Health: -2/25      AC:  3    Str: 16    XL:     2   Next: 75%
Magic:  3/3        EV: 11    Int: 11    God:    Lugonu [*.....]
Gold:   73         SH:  0    Dex: 10    Spells: 1/1 levels left

rFire  . . .     SeeInvis +     a - +1 hand axe
rCold  . . .     Gourm    .     b - +0 leather armour
rNeg   . . .     Faith    .     (no shield)
rPois  .         Spirit   .     (helmet unavailable)
rElec  .         Reflect  .     (no cloak)
rCorr  .         Harm     .     (no gloves)
MR     .....                    (no boots)
Stlth  +.........               e - amulet of regeneration
                                (no ring)
                                (no ring)

@: no status effects
A: permanent stasis, dig shafts and tunnels, four strong arms, antennae 3
a: Dig, Shaft Self, Depart the Abyss, Renounce Religion


You were on level 2 of the Dungeon.
You worshipped Lugonu.
Lugonu was aware of your devotion.
You were not hungry.

You visited 1 branch of the dungeon, and saw 2 of its levels.
You visited the Abyss 1 time.

You collected 73 gold pieces.

Inventory:

Hand Weapons
 a - a +1 hand axe (weapon)
Armour
 b - a +0 leather armour (worn)
Jewellery
 e - an amulet of regeneration (around neck)
 g - an uncursed amulet of faith {unknown}
Scrolls
 d - a scroll of fear {unknown}
 h - a scroll of blinking {unknown}
 k - a scroll of enchant armour {unknown}
 l - 2 scrolls of identify {unknown}
Potions
 j - a potion of flight {unknown}
 n - a potion of curing {unknown}
Comestibles
 c - 2 bread rations
 f - a meat ration
 i - a slice of pizza
 m - a royal jelly


   Skills:
 + Level 3.7 Fighting
 + Level 2.0 Axes
 * Level 2.7 Armour
 - Level 0.8 Dodging
 + Level 2.3 Invocations


You had one spell level left.
You didn't know any spells.

Dungeon Overview and Level Annotations

Branches:
Dungeon (1/15)

Altars:
Fedhas


Innate Abilities, Weirdness & Mutations

You cannot be hasted, slowed, berserked, paralysed or teleported.
You can dig through walls and to a lower floor.
Your four strong arms can wield two-handed weapons with a shield.
You have a pair of large antennae on your head. (SInv)


Message History

The gnoll hits you from afar with a spear.
You closely miss the gnoll.
The gnoll is lightly wounded.
The gnoll hits you with a flail.
The gnoll hits you from afar with a spear.
You are too injured to fight recklessly!
You are too injured to fight recklessly!
A goblin comes into view.
The goblin shouts!
Found 17 stones.
The gnoll hits you with a flail. The goblin closely misses you.
You miss the goblin. The goblin closely misses you.
The gnoll barely misses you. The goblin hits you but does no damage.
The gnoll barely misses you.
You barely miss the goblin. You barely miss the gnoll.
The gnoll hits you from afar with a spear!
* * * LOW HITPOINT WARNING * * *
The goblin completely misses you. The gnoll hits you with a flail.
You die...

. _.... .. .....
...#### ..... ......#
..... ...##.####....
.....$....#
..........############
.............ggg@g...#
...##.##############.(#
... #.# #. ... #. ....
#... #.


You could see 3 gnolls and a goblin.

Vanquished Creatures
  A dart slug (D:1)
  3 giant cockroaches (D:1)
  A goblin (D:1)
  2 hobgoblins (D:1)
  A bat (D:1)
  2 frilled lizards (D:1)
  2 kobolds (D:1)
  2 rats (D:1)
14 creatures vanquished.

Notes
Turn   | Place    | Note
-------+----------+-------------------------------------------
     0 | Abyss:1  | Nvm9 the Formicid Abyssal Knight began the quest for the Orb.
     0 | Abyss:1  | Reached XP level 1. HP: 18/18 MP: 2/2
    35 | Abyss:1  | Noticed an insubstantial wisp
    44 | D:1      | Escaped the Abyss
   166 | D:1      | Reached * piety under Lugonu
   207 | D:1      | Reached XP level 2. HP: 24/24 MP: 3/3
   454 | D:1      | You fall through a shaft!
   459 | D:2      | Found a blossoming altar of Fedhas.
   472 | D:2      | Slain by a gnoll

Vault maps used:
D:1:      sevenhm_arrival_forest_fort_large_4, minmay_pentomino_q4
D:2:      overflow_temple_1_default, first_bread, minmay_snake_closets

Action                   || total
-------------------------++-------
Melee: Hand axe          ||    42
Invok: Depart the Abyss  ||     1
Armor: Leather armour    ||    21
Dodge: Dodged            ||    24
